Map: Lightshade LE

Players

Neeb - Winner!

  • Race: Protoss Protoss
  • Spawn Location: 5:00

Astrea

  • Race: Protoss Protoss
  • League: Master
  • Spawn Location: 11:00

Event: DreamHack SC2 Masters 2020 Winter

VOD

https://www.youtube.com/watch?v=vvK7KJKOITM

Description

Time

  • Played on: Nov. 8, 2020, 5:58 p.m.
  • Length: 12:05

All games in this series

Show
View Real Time Build Order
Export as new Build Order

Neeb Protoss - Winner!

Build Orders:  

Get SALT Encoding   

  12  0:00  Probe  
  13  0:12  Probe  
  14  0:17  Pylon  
  14  0:24  Probe (Chrono Boost)  
  15  0:36  Probe (Chrono Boost)  
  15  0:37  Gateway  
  16  0:43  Probe (Chrono Boost)  
  16  0:45  Assimilator  
  17  0:51  Probe  
  17  0:55  Assimilator  
  18  1:03  Probe (Chrono Boost)  
  19  1:08  Gateway  
  19  1:13  Probe (Chrono Boost)  
  20  1:18  Probe (Chrono Boost)  
  20  1:25  Cybernetics Core  
  21  1:29  Probe  
  22  1:35  Pylon  
  22  1:41  Probe  
  23  1:53  Probe  
  24  1:59  Warp Gate (Chrono Boost)  
  24  2:01  Stalker x2  
  28  2:11  Pylon  
  28  2:12  Probe  
  29  2:17  Pylon  
  29  2:32  Sentry  
  29  2:33  Sentry  
  33  2:41  Probe  
  34  2:47  Nexus  
  34  2:57  Shield Battery  
  34  3:01  Sentry  
  34  3:04  Stalker  
  37  3:13  Pylon  
  36  3:29  Stargate  
  36  3:35  Shield Battery  
  36  3:36  Probe  
  37  3:42  Stalker  
  37  3:48  Stalker  
  41  3:49  Probe  
  42  3:59  Probe (Chrono Boost)  
  44  4:06  Probe (Chrono Boost)  
  45  4:11  Stalker, Probe (Chrono Boost)  
  48  4:17  Probe (Chrono Boost)  
  48  4:18  Probe (Chrono Boost)  
  48  4:19  Stalker  
  49  4:25  Probe  
  49  4:27  Probe  
  47  4:35  Stalker  
  47  4:37  Probe  
  50  4:39  Probe  
  50  4:43  Stalker  
  53  4:49  Probe  
  53  4:51  Shield Battery  
  54  4:54  Probe  
  54  5:02  Probe (Chrono Boost)  
  54  5:03  Stalker  
  54  5:05  Oracle (Chrono Boost)  
  56  5:09  Probe (Chrono Boost)  
  60  5:14  Pylon, Probe (Chrono Boost)  
  60  5:20  Twilight Council  
  61  5:21  Probe (Chrono Boost)  
  61  5:22  Probe (Chrono Boost)  
  61  5:24  Assimilator  
  62  5:30  Pylon  
  62  5:32  Probe x2  
  64  5:38  Forge  
  64  5:42  Pylon  
  64  5:44  Stalker, Probe  
  64  5:49  Stalker  
  69  5:51  Probe  
  69  5:54  Pylon  
  69  5:55  Blink (Chrono Boost)  
  68  6:09  Protoss Ground Weapons Level 1 (Chrono Boost)  
  68  6:14  Gateway  
  68  6:15  Gateway  
  68  6:16  Probe x2  
  70  6:23  Stalker  
  72  6:28  Stalker  
  72  6:29  Probe x2  
  76  6:37  Nexus  
  76  6:43  Pylon  
  76  6:46  Probe x2  
  78  6:54  Robotics Facility  
  78  6:58  Probe x2  
  78  7:00  Stalker x2  
  84  7:10  Probe  
  84  7:13  Gateway  
  84  7:15  Gateway, Sentry  
  87  7:18  Stalker  
  89  7:23  Shield Battery  
  89  7:25  Stalker  
  89  7:28  Stalker  
  93  7:31  Probe  
  93  7:34  Probe  
  95  7:39  Stalker  
  95  7:42  Photon Cannon  
  98  7:44  Probe  
  98  7:47  Assimilator  
  99  7:52  Stalker  
  99  7:55  Stalker, Immortal (Chrono Boost)  
  106  8:07  Stalker x2  
  102  8:19  Probe x3  
  99  8:23  Warp Prism (Chrono Boost)  
  99  8:24  Stalker x2  
  105  8:30  Stalker x2  
  105  8:31  Probe x2  
  111  8:35  Assimilator  
  111  8:40  Stalker x2  
  111  8:44  Probe  
  111  8:47  Photon Cannon  
  112  8:49  Probe  
  112  8:50  Pylon  
  112  8:51  Probe  
  114  8:56  Stalker  
  100  9:11  Probe x3  
  103  9:18  Stalker x5  
  103  9:23  Warp Prism (Chrono Boost)  
  113  9:27  Protoss Ground Weapons Level 2 (Chrono Boost)  
  115  9:35  Sentry  
  115  9:38  Probe x2  
  119  9:40  Probe  
  120  9:52  Photon Cannon  
  121  9:53  Observer  
  121  9:58  Pylon x2  
  121  10:16  Stalker x5  
  121  10:17  Stalker  
  129  10:29  Probe  
  130  10:40  Stalker x4  
  130  10:43  Stalker x2  
  130  10:47  Probe  
  130  10:49  Probe  
  129  10:53  Observer  
  129  10:56  Probe  
  123  11:04  Stalker x4  
  120  11:12  Nexus  
  120  11:15  Pylon, Observer  
  121  11:19  Robotics Facility  
  121  11:21  Robotics Bay  
  121  11:25  Assimilator  
  109  11:36  Stalker x6, Observer  
  109  11:38  Probe x2  
  124  11:41  Photon Cannon  
  122  12:00  Stalker x6  
Show
View Real Time Build Order
Export as new Build Order

Astrea Protoss 

Build Orders:  

Get SALT Encoding   

  12  0:00  Probe  
  13  0:12  Probe  
  14  0:17  Pylon  
  14  0:24  Probe (Chrono Boost)  
  15  0:36  Gateway, Probe (Chrono Boost)  
  16  0:44  Probe (Chrono Boost)  
  16  0:46  Assimilator  
  17  0:51  Probe  
  17  0:54  Assimilator  
  18  1:03  Probe (Chrono Boost)  
  19  1:08  Gateway  
  19  1:13  Probe (Chrono Boost)  
  19  1:18  Probe (Chrono Boost)  
  20  1:25  Cybernetics Core  
  21  1:30  Probe  
  22  1:34  Pylon  
  22  1:42  Probe  
  23  1:52  Gateway  
  23  1:59  Warp Gate (Chrono Boost)  
  23  2:02  Stalker  
  25  2:09  Stalker  
  27  2:16  Probe  
  27  2:19  Pylon  
  28  2:32  Stalker  
  30  2:39  Stalker  
  30  2:42  Stalker  
  33  2:58  Pylon  
  33  3:12  Stalker (Chrono Boost)  
  33  3:14  Shield Battery  
  35  3:23  Nexus  
  35  3:43  Stalker x2, Sentry  
  35  3:47  Probe  
  42  3:57  Pylon  
  41  4:06  Sentry x2  
  41  4:09  Stalker  
  47  4:12  Pylon  
  47  4:15  Probe  
  47  4:27  Probe  
  48  4:37  Probe (Chrono Boost)  
  47  4:38  Adept x2  
  47  4:39  Probe (Chrono Boost)  
  47  4:40  Sentry  
  54  4:49  Probe (Chrono Boost)  
  54  4:51  Probe (Chrono Boost)  
  56  4:56  Probe (Chrono Boost)  
  56  4:57  Probe (Chrono Boost)  
  58  5:04  Probe  
  58  5:05  Probe  
  56  5:08  Twilight Council  
  56  5:09  Sentry  
  58  5:16  Probe (Chrono Boost)  
  60  5:22  Forge, Probe (Chrono Boost)  
  60  5:27  Assimilator, Probe (Chrono Boost)  
  61  5:31  Stalker  
  61  5:32  Probe x2 (Chrono Boost)  
  65  5:37  Stalker  
  65  5:42  Stalker, Probe  
  70  5:44  Probe  
  71  5:50  Pylon  
  71  5:54  Probe  
  71  5:56  Probe  
  73  6:01  Blink (Chrono Boost)  
  73  6:04  Pylon  
  73  6:05  Stalker  
  73  6:07  Probe  
  70  6:12  Probe  
  70  6:13  Protoss Ground Weapons Level 1 (Chrono Boost)  
  71  6:19  Probe  
  71  6:24  Probe  
  73  6:31  Probe  
  74  6:36  Probe  
  75  6:41  Pylon  
  75  6:43  Probe  
  76  6:48  Probe  
  76  6:49  Stalker x2  
  76  6:51  Shield Battery  
  81  6:54  Robotics Facility  
  81  6:55  Probe  
  81  6:57  Pylon  
  81  6:59  Assimilator  
  81  7:00  Probe  
  83  7:07  Gateway, Probe  
  83  7:08  Gateway  
  84  7:15  Dark Shrine  
  84  7:26  Stalker x2  
  88  7:37  Nexus  
  88  7:42  Observer  
  89  7:45  Pylon  
  89  7:47  Pylon, Probe x2  
  91  7:54  Stalker x2  
  95  7:59  Probe x2  
  95  8:11  Probe x2  
  95  8:17  Protoss Ground Weapons Level 2 (Chrono Boost)  
  91  8:23  Probe x2  
  93  8:28  Dark Templar x2  
  93  8:33  Stalker x2  
  101  8:35  Probe  
  96  8:43  Probe  
  96  8:47  Probe  
  96  8:49  Shield Battery, Probe  
  96  8:55  Probe  
  98  8:56  Stalker x2  
  98  8:58  Robotics Bay  
  98  8:59  Probe  
  100  9:11  Stalker x2  
  100  9:12  Probe  
  100  9:16  Assimilator  
  94  9:17  Assimilator, Robotics Facility  
  94  9:19  Photon Cannon  
  92  9:25  Dark Templar  
  92  9:27  Stalker  
  92  9:29  Photon Cannon  
  96  9:31  Photon Cannon  
  96  9:44  Dark Templar  
  96  9:45  Photon Cannon x2  
  98  9:52  Dark Templar x2  
  100  9:58  Stalker  
  102  10:02  Disruptor  
  105  10:12  Disruptor  
  108  10:24  Stalker x2  
  112  10:29  Stalker x2, Gateway  
  112  10:32  Gateway  
  112  10:34  Gateway  
  116  10:37  Pylon  
  105  10:48  Disruptor (Chrono Boost)  
  103  10:50  Dark Templar  
  103  10:54  Stalker x2  
  96  11:04  Dark Templar  
  82  11:18  Dark Templar x2  
  78  11:21  Disruptor (Chrono Boost)  
  78  11:22  Probe x2  
  72  11:32  Stalker x3  
  70  11:34  Probe  
  70  11:35  Zealot  
  70  11:36  Probe  
  69  11:40  Stalker  
  69  11:41  Nexus  
  69  11:46  Probe  
  72  11:48  Probe  
  66  11:58  Stalker x4  
Tags
 
Add a new tag
Caveats
  • Supply blocks, unpowered buildings, or Contaminate may cause inaccurate times.
  • Supply counts are checked every 10 seconds.